cohdb
Replays
Latest Replays
All Replays
Popular Replays
Top Player Replays
Match Explorer
How It Works
Community
CoH3 Stats
Reddit
Sign in to upload your games and track your stats! →
Sign in with Steam
Match 40403850
Unlisted
Match 40403850
Overview
Messages
Build Orders
End
Construct Barracks
Selects Special Operations Battlegroup
Selects M29 Weasel Recon Vehicle
M29 Weasel Recon Vehicle
Riflemen Squad
Riflemen Squad
Grenade Package
Riflemen Squad
Selects Smoke Screen
Smoke Screen
Mechanized Support Center
Construct Motor Pool
Construct Tank Depot
Selects SSF Commando Squad
SSF Commando Squad
M4A1 Sherman Medium Tank
Designate Forward Repair Station
M4A1 76mm Conversion
Smoke Screen
Dahlian
Luce
Turtleboy
kiiy
Cipher Esteria
g0ldL1ght
0
0
Comments
sign in to comment!
No comments posted yet!